 Dungeon Crawl Stone Soup version 0.26-a0-632-g926a82b (webtiles) character file.

Game seed: 10525593606250769991

4631 popedarpa the Blocker (level 10, -2/92 HPs)
             Began as a Deep Dwarf Berserker on Sept 14, 2020.
             Was an Elder of Trog.
             Killed from afar by an electric eel (10 damage)
             ... with a bolt of electricity
             ... on level 9 of the Dungeon.
             The game lasted 00:14:32 (6050 turns).

popedarpa the Blocker (Deep Dwarf Berserker)        Turns: 6050, Time: 00:14:33

Health: -2/92      AC:  9    Str: 28    XL:     10   Next: 19%
Magic:  9/9        EV: 10    Int:  7    God:    Trog [****..]
Gold:   302        SH: 19    Dex: 20    Spells: 9/9 levels left

rFire    . . .     SeeInvis .   L - +1 hand axe of the Dripping Blowfly {protect, *Slow +Rage rF+ Dex+4}
rCold    + . .     Faith    .   e - +0 tower shield (curse)
rNeg     + . .     Spirit   .   (no armour)
rPois    .         Reflect  .   (no helmet)
rElec    .         Harm     .   b - +1 cloak {MR+}
rCorr    .         Rampage  .   Q - +0 pair of gloves
MR       ++++.                  P - +0 pair of boots
Stlth    ++........             i - amulet of regeneration
HPRegen  1.00/turn              x - +4 ring of protection
MPRegen  0.11/turn              N - ring of Sismel {Ice *Slow rN+ Str+3 Dex+4}

@: non-regenerating
A: damage resistance, heal wounds, sense surroundings 2, no regeneration
a: Heal Wounds, Berserk, Trog's Hand, Brothers in Arms, Renounce Religion, Evoke
Berserk Rage


You were on level 9 of the Dungeon.
You worshipped Trog.
Trog was greatly pleased with you.
You visited 1 branch of the dungeon, and saw 9 of its levels.

You collected 497 gold pieces.
You spent 195 gold pieces at shops.

Inventory:

Hand Weapons
 h - a +6 vorpal falchion
 u - a +3 flail
 L - the +1 hand axe of the Dripping Blowfly (weapon) {protect, *Slow +Rage rF+ Dex+4}
   (You found it on level 6 of the Dungeon)

   It grants its wielder temporary protection when it strikes (+7 to AC).
   It affects your dexterity (+4).
   It protects you from fire.
   It lets you go berserk.
   It may slow you when you take damage.
Armour
 b - a +1 cloak of magic resistance (worn)
 e - a cursed +0 tower shield (worn)
 P - a +0 pair of boots (worn)
 Q - a +0 pair of gloves (worn)
 R - a +0 plate armour
 U - +0 steam dragon scales
Jewellery
 d - an uncursed ring of stealth
 i - an amulet of regeneration (around neck)
 n - an uncursed ring of protection from fire
 x - a +4 ring of protection (left hand)
 y - an uncursed amulet of reflection {unknown}
 G - the ring "Seboss" {rPois rCorr Dex+4 Stlth-, unknown}
   (You found it on level 7 of the Dungeon)

   [ring of resist corrosion]

   It affects your dexterity (+4).
   It protects you from poison.
   It provides partial protection from all sources of acid and corrosion.
   It makes you less stealthy.
 N - the ring of Sismel (right hand) {Ice *Slow rN+ Str+3 Dex+4}
   (You took it off a wight on level 6 of the Dungeon)

   [ring of ice]

   It enhances your ice magic.
   It affects your strength (+3).
   It affects your dexterity (+4).
   It makes you vulnerable to fire.
   It protects you from cold.
   It protects you from negative energy.
   It may slow you when you take damage.
 S - the amulet of Desirch {Spirit Str+5, unknown}
   (You found it on level 7 of the Dungeon)

   [amulet of guardian spirit]

   It causes incoming damage to be split between your health and magic.
   It affects your strength (+5).
Wands
 a - a wand of iceblast (3)
 w - a wand of paralysis (10)
 A - a wand of random effects (37)
 C - a wand of enslavement (11)
 M - a wand of flame (49)
Scrolls
 c - 8 scrolls of identify {unknown}
 g - 10 scrolls of remove curse {unknown}
 j - a scroll of amnesia {unknown}
 l - 6 scrolls of teleportation {unknown}
 m - 2 scrolls of enchant armour {unknown}
 o - a scroll of fear {unknown}
 q - 3 scrolls of blinking {unknown}
 v - 4 scrolls of enchant weapon
 z - 3 scrolls of noise {unknown}
 F - 2 scrolls of random uselessness {unknown}
 H - a scroll of summoning {unknown}
 J - 3 scrolls of fog {unknown}
Potions
 f - 3 potions of might
 k - a potion of haste {unknown}
 p - 3 potions of flight
 r - a potion of berserk rage {unknown}
 s - a potion of degeneration {unknown}
 t - a potion of magic {unknown}
 B - 2 potions of brilliance {unknown}
 D - a potion of invisibility {unknown}
 E - a potion of resistance {unknown}
 I - 2 potions of cancellation {unknown}
 K - 3 potions of ambrosia {unknown}
 O - 2 potions of mutation {unknown}
 T - 2 potions of curing


   Skills:
 + Level 6.6 Fighting
 + Level 8.0 Axes
 + Level 7.6 Armour
 - Level 2.2 Dodging
 * Level 10.3 Shields


You had 9 spell levels left.
You didn't know any spells.
Your spell library was empty.

Dungeon Overview and Level Annotations

Branches:
Dungeon (9/15)             Temple (0/1) D:7
   Lair: D:8-11         Orc: D:9-12

Altars:
Ashenzari
Hepliaklqana
Qazlal
The Shining One

Shops:
D:4 *   D:5 *


Innate Abilities, Weirdness & Mutations

You are resistant to damage.
You can heal yourself by infusing magical energy.
You passively map the area around you.
You do not regenerate.


Message History

* * * LOW HITPOINT WARNING * * *
Found a glowing golden altar of the Shining One.
A hound comes into view.
You block the hound's attack.
The electric eel shoots out a bolt of lightning at you!
The bolt of electricity hits the electric eel.
The electric eel completely resists.
The bolt of electricity hits you!
* * * LOW HITPOINT WARNING * * *
The electric eel shoots out a bolt of lightning at you!
The bolt of electricity hits you!
* * * LOW HITPOINT WARNING * * *
The hound barely misses you.
The hound barks!
Found a scroll labeled NOSEPH BIJAK.
You barely miss the electric eel. You barely miss the hound.
You feel the effects of Trog's Hand fading.
You block the hound's attack.
The electric eel shoots out a bolt of lightning at you!
The bolt of electricity hits you!
You die...

, ≈ , * , .≈≈≈≈...#####
* * , ≈h≈≈≈.≈...#_###
*_* * > ≈ ≈
.≈≈≈≈.....8(#.# * ,* +
≈≈≈≈≈≈≈.≈.......?. _ , ≈
≈≈≈≈≈.......... , ≈
≈≈≈≈.≈;....8.# * , ,,
≈≈.≈..;...# * ,
≈≈≈....@..##############
*
.......h................
* *
...................#####
* ,
.......#)####......#<...
**
####.###.#.........#####
, *** #.#*
#)#.#.......'.... * ,,
## #.#.#.......##### * ,
#.#.#.####### * ,
#.#.#.########*


You could see 2 hounds and 2 electric eels.

Vanquished Creatures
  An ugly thing (D:9)
  Maggie (D:9)
  A slime creature (D:7)
  3 hippogriffs
  2 orc warriors (D:7)
  An ice beast (D:7)
  2 sky beasts
  5 ogres
  2 centaurs
  5 bullfrogs
  2 scorpions
  4 killer bees (D:7)
  7 wights
  2 howler monkeys
  2 centaur zombies
  Crazy Yiuf (D:4)
  An orc priest (D:7)
  5 hounds
  3 bullfrog skeletons
  2 iguanas
  8 orc wizards
  6 worker ants
  A killer bee zombie (D:7)
  A hound zombie (D:6)
  A hound skeleton (D:4)
  A worker ant zombie (D:5)
  4 gnolls
  15 adders
  2 howler monkey skeletons
  A shadow imp (D:5)
  A white imp (D:7)
  2 ufetubi (D:7)
  A worm (D:4)
  4 leopard geckos
  27 orcs
  2 giant cockroaches
  7 goblins
  10 hobgoblins
  10 jackals
  11 kobolds
  A quokka (D:7)
  A ball python zombie (D:6)
  4 bats
  2 frilled lizards
  A leopard gecko skeleton (D:4)
  2 quokka zombies
  7 rats
185 creatures vanquished.

Vanquished Creatures (others)
  Eustachio (D:4)
  4 orcs (D:9)
  2 fungi (D:4)
7 creatures vanquished.

Grand Total: 192 creatures vanquished

Notes
Turn   | Place    | Note
-------+----------+-------------------------------------------
     0 | D:1      | popedarpa the Deep Dwarf Berserker began the quest for the
                  | Orb.
     0 | D:1      | Reached XP level 1. HP: 20/20 MP: 1/1
   230 | D:1      | Reached XP level 2. HP: 27/27 MP: 2/2
   299 | D:1      | Reached skill level 1 in Shields
   651 | D:2      | Reached XP level 3. HP: 30/33 MP: 3/3
   703 | D:2      | Reached ** piety under Trog
   855 | D:2      | Reached skill level 2 in Shields
   903 | D:2      | Reached XP level 4. HP: 41/42 MP: 4/4
  1122 | D:3      | Reached skill level 3 in Shields
  1174 | D:3      | Reached XP level 5. HP: 39/49 MP: 5/5
  1251 | D:3      | Found a stormy altar of Qazlal.
  1380 | D:3      | HP: 1/49 [orc wizard/magic dart (5)]
  1782 | D:4      | Reached skill level 4 in Shields
  1782 | D:4      | Reached XP level 6. HP: 33/56 MP: 5/5
  1935 | D:4      | Noticed Eustachio
  1954 | D:4      | Killed Eustachio
  1954 | D:4      | Reached skill level 5 in Shields
  1954 | D:4      | Reached XP level 7. HP: 35/64 MP: 6/6
  2402 | D:4      | Found Byonuf's General Store.
  2405 | D:4      | Bought 2 scrolls of enchant weapon for 195 gold pieces
  2444 | D:4      | Reached skill level 5 in Axes
  2634 | D:4      | Found a runed translucent door.
  2635 | D:4      | Noticed Crazy Yiuf
  2642 | D:4      | Killed Crazy Yiuf
  2721 | D:5      | Entered Level 5 of the Dungeon
  2754 | D:5      | Reached *** piety under Trog
  3028 | D:5      | Reached skill level 6 in Shields
  3268 | D:5      | Reached XP level 8. HP: 47/73 MP: 7/7
  3418 | D:5      | Found Qoyptem's General Store.
  3510 | D:6      | Reached skill level 5 in Armour
  3535 | D:6      | Got a polished hand axe
  3536 | D:6      | Identified the +1 hand axe of the Dripping Blowfly
                  | {protect, *Slow +Rage rF+ Dex+4} (You found it on level 6
                  | of the Dungeon)
  3561 | D:6      | Identified the ring of Sismel {Ice *Slow rN+ Str+3 Dex+4}
  3584 | D:6      | Reached skill level 7 in Shields
  3599 | D:6      | Noticed a hippogriff
  3606 | D:6      | Reached skill level 5 in Fighting
  3612 | D:6      | Killed a hippogriff
  3792 | D:6      | Reached **** piety under Trog
  3994 | D:6      | Found a shattered altar of Ashenzari.
  4215 | D:7      | Reached skill level 8 in Shields
  4225 | D:7      | Gained mutation: You passively map the area around you.
                  | [Deep Dwarf growth]
  4225 | D:7      | Reached XP level 9. HP: 46/81 MP: 8/8
  4396 | D:7      | Reached skill level 9 in Shields
  4463 | D:7      | Found a staircase to the Ecumenical Temple.
  4842 | D:7      | Got a scintillating glass ring
  4981 | D:7      | Found a hazy altar of Hepliaklqana.
  5117 | D:7      | Got a shimmering lead amulet
  5899 | D:9      | Reached skill level 10 in Shields
  5899 | D:9      | Reached XP level 10. HP: 46/92 MP: 9/9
  5924 | D:9      | Noticed a cyan ugly thing
  5938 | D:9      | Killed a cyan ugly thing
  5999 | D:9      | Noticed Maggie
  6033 | D:9      | Killed Maggie
  6048 | D:9      | Found a glowing golden altar of the Shining One.
  6050 | D:9      | Killed from afar by an electric eel

Illustrated notes

Levels and vault maps discovered:
D:1:      roderic_octagonal_star, layout_basic
D:2:      layout_loops_cross, nemelex_xobeh_ov_fountains_minmay
D:3:      layout_loops_ring, nicolae_qazlal_general_emergency
D:4:      layout_basic, serial_shops, nicolae_shop_behind_doors, uniq_eustachio,
          uniq_crazy_yiuf_cottage
D:5:      layout_loops_corners, serial_shops, kennysheep_mini_moat,
          minmay_misc_feat_chi
D:6:      layout_cave_pools, marbit_many_paths
D:7:      minmay_opposing_rooms, layout_basic, kennysheep_little_box,
          minmay_temple_entry_hall
D:8:      layout_basic
D:9:      layout_basic, minitemple, fedhas_altar_decomposition,
          erik_lair_island, erik_orc_3, nicolae_tso_swordbearing_angel,
          uniq_maggie

Skill      XL: |  1  2  3  4  5  6  7  8  9 10 |
---------------+-------------------------------+-----
Shields        | 1 2 3 4 5 6 8 10 | 10.3
Fighting       | 3 4 5 6 |  6.6
Armour         | 3 4 6 7 |  7.6
Axes           | 4 5 6 7 8 |  8.0
Dodging        | |  2.2

Action                   |  1- 3 |  4- 6 |  7- 9 | 10-12 || total
-------------------------+-------+-------+-------+-------++-------
Melee: Hand axe          |    98 |    95 |   325 |    52 ||   570
       Flail             |       |   134 |     4 |       ||   138
       Falchion          |       |       |    99 |       ||    99
Invok: Trog's Hand       |     1 |     8 |     5 |     2 ||    16
       Berserk           |       |       |     1 |     1 ||     2
 Abil: Heal Wounds       |     1 |     1 |       |       ||     2
       Evoke Berserk Rag |       |       |     2 |       ||     2
  Use: Potion            |       |     3 |       |       ||     3
 Stab: Sleeping          |     4 |     2 |       |       ||     6
Armor: Leather armour    |     9 |    75 |     4 |       ||    88
       Scale mail        |       |       |    76 |       ||    76
       Ring mail         |       |       |     5 |       ||     5
       Plate armour      |       |       |    59 |    10 ||    69
       Skin              |       |       |       |     1 ||     1
Dodge: Dodged            |    21 |    83 |    97 |     7 ||   208
Block: Tower shield      |    79 |   255 |   405 |    26 ||   765
       Rpst.: Falchion   |       |       |     5 |       ||     5

Table legend: (Time is in decaauts)
 A = Elapsed time spent in this place.
 B = Non-inter-level travel time spent in this place.
 C = Inter-level travel time spent in this place.
 D = Time resting spent in this place.
 E = Time spent auto-exploring this place.
 F = Levels seen in this place.
 G = Mean time per level.
                   A        B        C        D        E       F      G
               +--------+--------+--------+--------+--------+-----+--------+
         Total |   6257 |   5932 |    325 |     85 |   4185 |   9 |  695.2 |
       Dungeon |   6257 |   5932 |    325 |     85 |   4185 |   9 |  695.2 |
               +--------+--------+--------+--------+--------+-----+--------+

Top non-repeatable levels by time:
     D:7: 1052 daAuts
     D:4: 1000 daAuts
     D:5: 806 daAuts
     D:3: 787 daAuts
     D:8: 727 daAuts
     D:6: 642 daAuts
     D:1: 608 daAuts
     D:2: 453 daAuts
     D:9: 177 daAuts
